 Dungeon Crawl Stone Soup version 0.31-a0-667-g39726597b9 (webtiles) character file.

Game seed: 11511207235952391670

2450 Conn the Conjurer (level 9, -1/87 HPs)
             Began as an Octopode Fire Elementalist on Sept 3, 2023.
             Was a Follower of Sif Muna.
             Slain by a gnoll
             ... wielding a +0 flail
             ... led by a gnoll bouda
              (5 damage)
             ... on level 7 of the Dungeon.
             The game lasted 00:22:04 (7904 turns).

Conn the Conjurer (Octopode Fire Elementalist)      Turns: 7904, Time: 00:22:05

Health: -1/87      AC: 24    Str:  7    XL:     9   Next: 50%
Magic:  6/17       EV:  2    Int: 21    God:    Sif Muna [*.....]
Gold:   1790       SH:  0    Dex: 13    Spells: 7/19 levels left

rFire   . . .        n - +1 mace (protect)
rCold   + . .        (no shield)
rNeg    . . .        p - melded +2 hat
rPois   +            (no amulet)
rElec   .            g - ring of protection from cold
rCorr   .            s - ring of poison resistance
SInv    .            (no ring)
Will    .....        (no ring)
Stlth   ++           (no ring)
HPRegen 0.34/turn    (no ring)
MPRegen 0.15/turn    (no ring)
                     (no ring)

%: no passive effects
@: tree-form, very slightly contaminated
A: stationary, stasis, torment immunity, boosted hp, almost no armour,
(amphibious), 8 rings, (camouflage 1), (gelatinous body 1), (nimble swimmer 1),
(tentacles)
a: Renounce Religion, Channel Magic


You were on level 7 of the Dungeon.
You worshipped Sif Muna.
Sif Muna was aware of your devotion.
You were a tree.
You visited 2 branches of the dungeon, and saw 8 of its levels.
You also visited: Sewer.

You collected 1790 gold pieces.

Inventory:

Hand Weapons
 n - a +1 mace of protection (weapon)
Armour
 p - a +2 hat (melded)
Jewellery
 g - a ring of protection from cold (left branch)
 s - a ring of poison resistance (right branch)
Wands
 e - a wand of polymorph (15)
Scrolls
 f - a scroll of amnesia
 h - a scroll of enchant armour
 i - a scroll of blinking
 j - 2 scrolls of fog
 m - a scroll of enchant weapon {unknown}
 v - a scroll of vulnerability {unknown}
 x - a scroll of brand weapon {unknown}
 z - a scroll of revelation {unknown}
Potions
 a - a potion of magic
 b - 6 potions of enlightenment
 c - 2 potions of invisibility
 d - a potion of cancellation
 k - a potion of mutation {unknown}
 q - a potion of might {unknown}
 r - 2 potions of curing {unknown}
 u - 2 potions of attraction


   Skills:
 + Level 3.7 Fighting
 + Level 4.7 Dodging
 - Level 4.0 Stealth
 * Level 5.6 Spellcasting
 * Level 5.9 Conjurations
 * Level 4.3 Translocations
 + Level 5.1 Fire Magic
 + Level 2.7 Invocations


You had 7 spell levels left.
You knew the following spells:

 Your Spells              Type           Power      Damage    Failure   Level
a - Foxfire               Conj/Fire      100%       2x1d9     1%          1
b - Scorch                Fire           54%        2d7       1%          2
c - Inner Flame           Hex/Fire       16%        N/A       11%         3
d - Flame Wave            Conj/Fire      29%        2d9       11%         4
e - Blink                 Tloc           48%        N/A       2%          2

Your spell library contained the following spells:

 Spells                   Type           Power      Damage    Failure   Level
 Momentum Strike          Conj/Tloc      54%        3d9       1%          2
 Lesser Beckoning         Tloc           48%        N/A       2%          2
 Volatile Blastmotes      Fire/Tloc      52%        2d14      4%          3
 Dazzling Flash           Conj/Hex       36%        N/A       9%          3
 Slow                     Hex            20%        N/A       11%         1
 Cigotuvi's Dreadful Rot  Necr/Pois/Air  10%        N/A       16%         2
 Ensorcelled Hibernation  Hex/Ice        10%        N/A       16%         2
 Passwall                 Tmut/Erth      4%         N/A       16%         2
 Sublimation of Blood     Necr           5%         N/A       16%         2
 Ignite Poison            Fire/Tmut/Pois 13%        N/A       16%         3
 Manifold Assault         Tloc           24%        N/A       17%         4
 Confusing Touch          Hex            5%         N/A       30%         3
 Swiftness                Air            5%         N/A       30%         3
 Vampiric Draining        Necr           5%         2d6       30%         3
 Irradiate                Conj/Tmut      9%         3d14      63%         5
 Animate Dead             Necr           5%         N/A       71%         4
 Petrify                  Tmut/Erth      5%         N/A       71%         4
 Freezing Cloud           Conj/Ice/Air   7%         6-21      77%         5
 Starburst                Conj/Fire      14%        6d6       85%         6
 Dispersal                Tloc           12%        N/A       95%         6
 Borgnjor's Vile Clutch   Necr/Erth      2%         N/A       96%         5
 Death Channel            Necr           2%         N/A       100%        6
 Disjunction              Tloc           12%        N/A       100%        8
 Maxwell's Capacitive Co  Air            2%         ∞         100%        8


Dungeon Overview and Level Annotations

Branches:
Dungeon (7/15)             Temple (1/1) D:4           Sewer (visited)

Altars:
Cheibriados
Dithmenos
Fedhas
Gozag
Kikubaaqudgha
Nemelex Xobeh
Qazlal
Ru
Sif Muna
Trog
Uskayaw
Vehumet
Yredelemnul
Zin
The Shining One

Annotations:
D:3 1 transporter, MrShunz's ghost, weakling DECj


Innate Abilities, Weirdness & Mutations

You are a tree.
Your roots penetrate the ground, keeping you stationary.
You cannot be teleported.
You are immune to unholy pain and torment.
Your maximum health is greatly increased.
You cannot wear most types of armour.
((You are amphibious.))
You can wear up to eight rings at the same time.
((Your skin changes colour to match your surroundings (Stealth+).))
((Your rubbery body absorbs attacks. (AC +1, EV +1)))
((You are camouflaged when in or above water. (Stealth+)))
((You have tentacles for arms and can constrict up to eight enemies at once.))


Message History

The centaur kicks you.
* * * LOW HITPOINT WARNING * * *
Unknown command.
Unknown command.
Casting: Scorch (safe; 1% risk of failure)
Confirm with . or Enter, or press ? or * to list all spells.
You miscast Scorch.
You are very lightly contaminated with residual magic.
Nothing appears to happen.
You feel less invigorated.
The centaur hits you but does no damage.
The centaur kicks you but does no damage.
Unknown command.
Casting: Scorch (safe; 1% risk of failure)
Confirm with . or Enter, or press ? or * to list all spells.
Casting: Flame Wave (dangerous; 11% risk of failure)
Press: ? - help, Dir - look around, f - activate A wave of flame ripples out!
The flame wave engulfs the centaur.
The centaur is burned terribly!
The centaur is almost dead. (Press . to intensify the flame waves.)
The centaur hits you with a +0 dagger!
* * * LOW HITPOINT WARNING * * *
The centaur kicks you but does no damage.
The centaur hits you but does no damage.
The centaur kicks you but does no damage.
Unknown command.
A wave of flame ripples out!
The flame wave engulfs the centaur!
The centaur is burned terribly!
You kill the centaur!
Sif Muna accepts your kill.
The flame wave engulfs the gnoll.
The gnoll is moderately wounded.
Unknown command.
A wave of flame ripples out!
The flame wave engulfs the gnoll.
The gnoll is severely wounded.
The flame wave engulfs the gnoll!
You kill the gnoll!
Sif Muna accepts your kill.
You finish channelling waves of flame.
The gnoll hits you with a +0 flail.
You die...

b..b.b#### #.....#
#.....####
#.......g######
#####...cg....#####
#..(.bb§.§§§..#
#....$....§§§.#
....b....b.§§§§§#
...........§§g♣.#
#############)...#
######


You could see a gnoll.

Vanquished Creatures
  A steam dragon (D:6)
  3 water moccasins
  Duvessa (D:6)
  A sky beast (D:6)
  An ice beast (D:6)
  A black bear (D:5)
  2 ogres
  2 centaurs
  A kobold brigand (D:7)
  Blork the orc (D:6)
  A bullfrog (D:7)
  3 scorpions
  Dowan (D:6)
  2 howler monkeys (D:6)
  A gnoll bouda (D:7)
  A jelly (D:6)
  4 orc priests
  2 hounds (D:5)
  An iron imp (D:5)
  A sleepcap (D:5)
  Terence (D:3)
  Crazy Yiuf (D:6)
  4 iguanas
  2 orc wizards
  3 gnolls (D:7)
  12 adders
  7 river rats (Sewer)
  A white imp (D:7)
  An ufetubus (D:5)
  2 worms (D:4)
  2 dart slugs
  19 orcs
  9 endoplasms
  7 giant cockroaches
  2 goblins
  5 hobgoblins
  12 jackals
  2 quokkas
  13 ball pythons
  15 bats
  5 frilled lizards
  12 kobolds
  4 rats
172 creatures vanquished.

Vanquished Creatures (others)
  An orc (D:6)
  469 foxfires
470 creatures vanquished.

Grand Total: 642 creatures vanquished

Notes
Turn   | Place    | Note
-------+----------+-------------------------------------------
     0 | D:1      | Conn the Octopode Fire Elementalist began the quest for the
                  | Orb.
     0 | D:1      | Reached XP level 1. HP: 11/11 MP: 3/3
   253 | D:1      | Reached XP level 2. HP: 17/17 MP: 0/5
   257 | D:1      | Learned a level 2 spell: Scorch
   852 | D:1      | Reached XP level 3. HP: 21/21 MP: 0/6
   856 | D:1      | Learned a level 3 spell: Inner Flame
  1261 | D:2      | Found a faded altar of an unknown god.
  2165 | D:3      | Reached XP level 4. HP: 21/27 MP: 1/7
  2254 | D:3      | Noticed Terence
  2261 | D:3      | Killed Terence
  2477 | D:3      | Found a sparkling altar of Nemelex Xobeh.
  2632 | D:3      | Found a transporter.
  2632 | D:3      | Noticed MrShunz's ghost (weakling DECj)
  2632 | D:3      | Noticed an ogre
  2635 | D:3      | Noticed an ogre
  2887 | D:3      | Found a glowing golden altar of the Shining One.
  3296 | D:4      | Reached XP level 5. HP: 31/31 MP: 8/8
  3725 | D:4      | Found a staircase to the Ecumenical Temple.
  3761 | Temple   | Entered the Ecumenical Temple
  4028 | D:5      | Entered Level 5 of the Dungeon
  4165 | D:5      | Found a glowing drain.
  4169 | Sewer    | Entered a sewer
  4537 | Sewer    | Reached skill level 1 in Fighting
  4786 | Sewer    | Reached XP level 6. HP: 8/38 MP: 2/10
  4792 | Sewer    | HP: 1/38 [river rat (6)]
  4895 | Sewer    | Learned a level 4 spell: Flame Wave
  5294 | Sewer    | Identified a scroll of acquirement
  5294 | Sewer    | Acquired 1297 gold pieces
  5359 | D:5      | Noticed a black bear
  5368 | D:5      | Killed a black bear
  5415 | D:5      | Found a snail-covered altar of Cheibriados.
  5428 | D:5      | Reached XP level 7. HP: 32/44 MP: 9/12
  5552 | D:5      | Found a shimmering blue altar of Sif Muna.
  5563 | D:5      | Became a worshipper of Sif Muna the Loreminder
  5570 | D:5      | Learned a level 2 spell: Blink
  5756 | D:5      | Reached skill level 1 in Translocations
  6082 | D:6      | Reached XP level 8. HP: 51/51 MP: 6/14
  6131 | D:6      | Reached * piety under Sif Muna
  6414 | D:6      | Reached skill level 1 in Invocations
  6866 | D:6      | Reached skill level 5 in Conjurations
  6884 | D:6      | Reached skill level 5 in Spellcasting
  6993 | D:6      | Reached XP level 9. HP: 54/57 MP: 3/16
  7000 | D:6      | Noticed Blork the orc
  7152 | D:6      | Noticed Duvessa
  7155 | D:6      | Reached skill level 5 in Fire Magic
  7155 | D:6      | Noticed Dowan
  7158 | D:6      | Killed Duvessa
  7162 | D:6      | Killed Dowan
  7396 | D:6      | Killed Blork the orc
  7538 | D:6      | Found a runed translucent door.
  7539 | D:6      | Noticed Crazy Yiuf
  7544 | D:6      | Killed Crazy Yiuf
  7894 | D:7      | Reached ** piety under Sif Muna
  7902 | D:7      | HP: 4/87 [centaur/+0 dagger (7)]
  7904 | D:7      | Slain by a gnoll

Illustrated notes

Levels and vault maps discovered:
D:1:      moated_graveyard_arrival, layout_loops_ring, grunt_decor_arrowhead,
          minmay_misc_feat_iff
D:2:      layout_basic, hellmonk_ecumenical_altar_pennies_from_heaven
D:3:      layout_loops_cross, nemelex_xobeh_ov_fountains_minmay,
          nicolae_overflow_hidden_temple, gammafunk_ghost_smash, uniq_terence
D:4:      layout_rooms, minmay_temple_entry_offerings
D:5:      layout_basic, slow_altar_1, mainiacjoe_overflow_small_starburst,
          gup_sewer_entry_bowl
D:6:      layout_cave_pools, uniq_duvessa, uniq_crazy_yiuf_cottage,
          uniq_blork_the_orc
D:7:      layout_rooms, gammafunk_temple_overflow_forgotten,
          chequers_temple_overflow_statue_of_worship
Temple:   nicolae_temple_ecumenical_triangle

Skill      XL: |  1  2  3  4  5  6  7  8  9 |
---------------+----------------------------+-----
Stealth        | 3 4 |  4.0
Conjurations   | 2 3 4 5 |  5.9
Fighting       | 1 2 3 |  3.7
Spellcasting   | 3 4 5 |  5.6
Dodging        | 3 4 |  4.7
Fire Magic     | 4 5 |  5.1
Translocations | 2 3 4 |  4.3
Invocations    | 2 |  2.7

Action                     |  1- 3 |  4- 6 |  7- 9 || total
---------------------------+-------+-------+-------++-------
  Melee: Unarmed           |     9 |     4 |       ||    13
         Constrict         |     2 |    23 |    13 ||    38
         Tentacles         |     2 |    20 |    10 ||    32
         Mace              |       |    59 |    47 ||   106
         Punch             |       |       |     2 ||     2
   Cast: Foxfire           |    76 |    98 |    97 ||   271
         Scorch            |       |    13 |    34 ||    47
         Inner Flame       |       |     1 |     7 ||     8
         Blink             |       |       |     3 ||     3
         Flame Wave        |       |       |     2 ||     2
 Invoke: Channel Magic     |       |       |     1 ||     1
    Use: Scroll            |       |     7 |     5 ||    12
         Potion            |       |     5 |     3 ||     8
   Stab: Sleeping          |       |     3 |     1 ||     4
 Armour: Skin              |     5 |    85 |    90 ||   180
  Dodge: Dodged            |     9 |   115 |    75 ||   199

Table legend: (Time is in decaauts)
 A = Elapsed time spent in this place.
 B = Non-inter-level travel time spent in this place.
 C = Inter-level travel time spent in this place.
 D = Time resting spent in this place.
 E = Time spent auto-exploring this place.
 F = Levels seen in this place.
 G = Mean time per level.
                   A        B        C        D        E       F      G
               +--------+--------+--------+--------+--------+-----+--------+
         Total |   7949 |   7842 |    107 |   1043 |   4956 |   9 |  883.2 |
       Dungeon |   6752 |   6645 |    107 |    812 |   4336 |   7 |  964.6 |
        Temple |     11 |     11 |      0 |      0 |      0 |   1 |   11.0 |
         Sewer |   1185 |   1185 |      0 |    231 |    620 |   1 | 1185.0 |
               +--------+--------+--------+--------+--------+-----+--------+

Top non-repeatable levels by time:
     D:5: 1520 daAuts
   Sewer: 1185 daAuts
     D:3: 1145 daAuts
     D:6: 1094 daAuts
     D:1: 1065 daAuts
     D:2: 1001 daAuts
     D:4: 818 daAuts
     D:7: 107 daAuts
  Temple: 11 daAuts
